MLB
KANSAS CITY ROYALS @ TAMPA BAY RAYS
04/24/2019
 
TOP OF THE 1ST
Kansas City Royals batting - Pitching for Tampa Bay Rays : RHP Josh Tomlin
Pitching: RHP Josh Tomlin
Batting: LHB Odubel Herrera 0-0: Ball
1-0: Foul Ball, location: 2F
1-1: Called Strike
1-2: Foul Ball, location: 2F
1-2: Ground out 6-3 (Groundball, 6, EV 105.6 MPH)
Batting: LHB Jesse Winker 0-0: Ball
1-0: Called Strike
1-1: SINGLE (Groundball, 6MD, EV 103.1 MPH)
Batting: RHB Nolan Arenado 0-0: Ball
1-0: Ball
2-0: Called Strike
2-1: Ball
3-1: Fly out, F7 (Line Drive, 7, EV 93.1 MPH)
Batting: LHB Matt Adams 0-0: Called Strike
0-1: Swinging Strike
0-2: Fly out, F8 (Flyball, 8RS, EV 83.8 MPH)
Top of the 1st over - 0 runs, 1 hit, 0 errors, 1 left on base; Kansas City 0 - Tampa Bay 0
BOTTOM OF THE 1ST
Tampa Bay Rays batting - Pitching for Kansas City Royals : RHP Jake Junis
Pitching: RHP Jake Junis
Batting: LHB Adam Eaton 0-0: Ball
1-0: Called Strike
1-1: Foul Ball, location: 2F
1-2: Ball
2-2: Foul Ball, location: 2F
2-2: Foul Ball, location: 2F
2-2: Ball
3-2: Fly out, F7 (Line Drive, 7, EV 91.9 MPH)
Batting: RHB Xander Bogaerts 0-0: Called Strike
0-1: Swinging Strike
0-2: Ground out 6-3 (Groundball, 6S, EV 58.8 MPH)
Batting: LHB Michael Conforto 0-0: Called Strike
0-1: Ball
1-1: Swinging Strike
1-2: Foul Ball, location: 2F
1-2: Strikes out swinging
Bottom of the 1st over - 0 runs, 0 hits, 0 errors, 0 left on base; Kansas City 0 - Tampa Bay 0
TOP OF THE 2ND
Kansas City Royals batting - Pitching for Tampa Bay Rays : RHP Josh Tomlin
Batting: SHB Jurickson Profar 0-0: Called Strike
0-1: Ball
1-1: Called Strike
1-2: Foul Ball, location: 2F
1-2: Strikes out looking
Batting: LHB Lonnie Chisenhall 0-0: Called Strike
0-1: Ball
1-1: Ground out U3 (Groundball, 3L, EV 101.9 MPH)
Batting: RHB Kevin Plawecki 0-0: Ball
1-0: Foul Ball, location: 2F
1-1: Fly out, F9 (Flyball, 89M, EV 91.3 MPH)
Top of the 2nd over - 0 runs, 0 hits, 0 errors, 0 left on base; Kansas City 0 - Tampa Bay 0
BOTTOM OF THE 2ND
Tampa Bay Rays batting - Pitching for Kansas City Royals : RHP Jake Junis
Batting: RHB Nelson Cruz 0-0: Called Strike
0-1: Ball
1-1: Called Strike
1-2: Ground out 1-3 (Groundball, P, EV 83.1 MPH)
Batting: RHB Marcell Ozuna 0-0: Ball
1-0: Ball
2-0: Called Strike
2-1: Ball
3-1: Base on Balls
Batting: LHB Dan Vogelbach 0-0: Ball
1-0: Called Strike
1-1: Ball
2-1: Ball
3-1: Base on Balls
Marcell Ozuna to second
Batting: RHB Zack Cozart 0-0: Ball
1-0: Ball
2-0: Ball
3-0: Base on Balls
Marcell Ozuna to third
Dan Vogelbach to second
Batting: SHB Victor Caratini 0-0: Ball
1-0: Ball
2-0: Ball
3-0: Called Strike
3-1: Foul Ball, location: 2F
3-2: Strikes out swinging
Batting: SHB Ben Zobrist 0-0: Ball
1-0: Ball
2-0: Ball
3-0: Base on Balls
Marcell Ozuna scores
Dan Vogelbach to third
Zack Cozart to second
Batting: LHB Adam Eaton 0-0: Ball
1-0: Fly out, F8 (Flyball, 8LD, EV 81.9 MPH)
Bottom of the 2nd over - 1 run, 0 hits, 0 errors, 3 left on base; Kansas City 0 - Tampa Bay 1
TOP OF THE 3RD
Kansas City Royals batting - Pitching for Tampa Bay Rays : RHP Josh Tomlin
Batting: RHB Dansby Swanson 0-0: Ball
1-0: Called Strike
1-1: Ball
2-1: Swinging Strike
2-2: DOUBLE (Groundball, 5L, EV 95.6 MPH)
Batting: RHB Tyler Flowers 0-0: Called Strike
0-1: Foul Ball, location: 2F
0-2: Foul Ball, location: 2F
0-2: Foul Ball, location: 2F
0-2: Ball
1-2: Ball
2-2: Fly out, F4 (Popup, 23, EV 85.0 MPH)
Batting: LHB Odubel Herrera 0-0: Ball
1-0: Foul Ball, location: 2F
1-1: Ball
2-1: Foul Ball, location: 2F
2-2: Fly out, F8 (Line Drive, 8LD, EV 92.5 MPH)
Batting: LHB Jesse Winker 0-0: Foul Ball, location: 2F
0-1: Ball
1-1: Foul Ball, location: 2F
1-2: Fly out, F8 (Flyball, 8LM, EV 90.0 MPH)
Top of the 3rd over - 0 runs, 1 hit, 0 errors, 1 left on base; Kansas City 0 - Tampa Bay 1
BOTTOM OF THE 3RD
Tampa Bay Rays batting - Pitching for Kansas City Royals : RHP Jake Junis
Batting: RHB Xander Bogaerts 0-0: Ball
1-0: Ground out 4-3 (Groundball, 4MD, EV 101.3 MPH)
Batting: LHB Michael Conforto 0-0: Foul Ball, location: 2F
0-1: Foul Ball, location: 2F
0-2: Ball
1-2: Strikes out looking
Batting: RHB Nelson Cruz 0-0: Ball
1-0: Ball
2-0: Foul Ball, location: 2F
2-1: Foul Ball, location: 2F
2-2: Foul Ball, location: 2F
2-2: Foul Ball, location: 2F
2-2: SINGLE (Line Drive, 56D, EV 100.0 MPH)
Batting: RHB Marcell Ozuna 0-0: Ball
1-0: Fielders Choice at 2nd, 5-4 (Groundball, 5, EV 80.6 MPH)
Bottom of the 3rd over - 0 runs, 1 hit, 0 errors, 1 left on base; Kansas City 0 - Tampa Bay 1
TOP OF THE 4TH
Kansas City Royals batting - Pitching for Tampa Bay Rays : RHP Josh Tomlin
Batting: RHB Nolan Arenado 0-0: Ball
1-0: Called Strike
1-1: SOLO HOME RUN (Line Drive, 78XD, EV 101.9 MPH), Distance : 425 ft
Batting: LHB Matt Adams 0-0: Called Strike
0-1: Called Strike
0-2: Strikes out swinging
Batting: SHB Jurickson Profar 0-0: Called Strike
0-1: Swinging Strike
0-2: Strikes out swinging
Batting: LHB Lonnie Chisenhall 0-0: Ball
1-0: Ball
2-0: Foul Ball, location: 2F
2-1: Ball
3-1: Ground out 4-3 (Groundball, 4S, EV 68.8 MPH)
Top of the 4th over - 1 run, 1 hit, 0 errors, 0 left on base; Kansas City 1 - Tampa Bay 1
BOTTOM OF THE 4TH
Tampa Bay Rays batting - Pitching for Kansas City Royals : RHP Jake Junis
Batting: LHB Dan Vogelbach 0-0: SINGLE (Line Drive, 8RS, EV 101.9 MPH)
Batting: RHB Zack Cozart 0-0: Fly out, F9 (Flyball, 9S, EV 88.8 MPH)
Batting: SHB Victor Caratini 0-0: Ball
1-0: Called Strike
1-1: Ball
2-1: Fielders Choice at 2nd, 3-6 (Groundball, 34, EV 82.5 MPH)
Batting: SHB Ben Zobrist 0-0: Called Strike
Victor Caratini is caught stealing 2nd base 2-6
Bottom of the 4th over - 0 runs, 1 hit, 0 errors, 0 left on base; Kansas City 1 - Tampa Bay 1
TOP OF THE 5TH
Kansas City Royals batting - Pitching for Tampa Bay Rays : RHP Josh Tomlin
Batting: RHB Kevin Plawecki 0-0: Ball
1-0: Ball
2-0: Ball
3-0: Base on Balls
Batting: RHB Dansby Swanson 0-0: Ball
1-0: Ball
2-0: Called Strike
2-1: DOUBLE (Line Drive, 8LD, EV 104.4 MPH)
Kevin Plawecki to third
Batting: RHB Tyler Flowers 0-0: Swinging Strike
0-1: Ball
1-1: Foul Ball, location: 2F
1-2: Ball
2-2: Strikes out swinging
Batting: LHB Odubel Herrera 0-0: Fly out, F8 (Flyball, 8LXD, EV 77.5 MPH)
Runner from 3rd tags up, SCORES, no throw by CF
Dansby Swanson to third
Batting: LHB Jesse Winker 0-0: Ball
1-0: Ball
2-0: SINGLE (Groundball, 34D, EV 104.4 MPH)
Dansby Swanson scores
Batting: RHB Nolan Arenado 0-0: Foul Ball, location: 2F
0-1: Fielders Choice at 2nd, 6-4 (Groundball, 6, EV 88.1 MPH)
Top of the 5th over - 2 runs, 2 hits, 0 errors, 1 left on base; Kansas City 3 - Tampa Bay 1
BOTTOM OF THE 5TH
Tampa Bay Rays batting - Pitching for Kansas City Royals : RHP Jake Junis
Batting: SHB Ben Zobrist 0-0: Ball
1-0: Ball
2-0: Called Strike
2-1: Fly out, F8 (Flyball, 8RD, EV 90.0 MPH)
Batting: LHB Adam Eaton 0-0: Ball
1-0: Called Strike
1-1: Swinging Strike
1-2: Strikes out swinging
Batting: RHB Xander Bogaerts 0-0: Ball
1-0: Called Strike
1-1: Ball
2-1: Called Strike
2-2: Ball
3-2: SINGLE (Groundball, 6MD, EV 103.8 MPH)
Batting: LHB Michael Conforto 0-0: Called Strike
0-1: Swinging Strike
0-2: Ball
1-2: Foul Ball, location: 2F
1-2: Ball
2-2: Foul Ball, location: 2F
2-2: DOUBLE (Groundball, 3L, EV 102.5 MPH)
Xander Bogaerts to third
Batting: RHB Nelson Cruz 0-0: Ball
1-0: Ball
2-0: Foul Ball, location: 2F
2-1: Ball
3-1: Foul Ball, location: 2F
3-2: Base on Balls
Batting: RHB Marcell Ozuna 0-0: Foul Ball, location: 2F
0-1: Called Strike
0-2: Ball
1-2: SINGLE (Line Drive, 7LM, EV 111.9 MPH)
Xander Bogaerts scores
Michael Conforto to third
Nelson Cruz to second
Batting: LHB Dan Vogelbach 0-0: Swinging Strike
0-1: Ball
1-1: Ball
2-1: Called Strike
2-2: Ball
3-2: Fly out, F9 (Flyball, 9LM, EV 100.6 MPH)
Bottom of the 5th over - 1 run, 3 hits, 0 errors, 3 left on base; Kansas City 3 - Tampa Bay 2
TOP OF THE 6TH
Kansas City Royals batting - Pitching for Tampa Bay Rays : RHP Josh Tomlin
Batting: LHB Matt Adams 0-0: Called Strike
0-1: Foul Ball, location: 2F
0-2: Foul Ball, location: 2F
0-2: Fly out, F8 (Flyball, 8RXD, EV 103.8 MPH)
Batting: SHB Jurickson Profar 0-0: Called Strike
0-1: Ball
1-1: DOUBLE (Line Drive, 78M, EV 98.1 MPH)
Batting: LHB Lonnie Chisenhall 0-0: Called Strike
0-1: SINGLE (Line Drive, 7S, EV 86.3 MPH)
Jurickson Profar to third
Batting: RHB Kevin Plawecki 0-0: Ball
Lonnie Chisenhall steals 2nd base
1-0: Called Strike
1-1: Fly out, F8 (Flyball, 8LS, EV 96.3 MPH)
Batting: RHB Dansby Swanson 0-0: Called Strike
0-1: Foul Ball, location: 2F
0-2: Fly out, F5 (Popup, 5SF, EV 63.8 MPH)
Top of the 6th over - 0 runs, 2 hits, 0 errors, 2 left on base; Kansas City 3 - Tampa Bay 2
BOTTOM OF THE 6TH
Tampa Bay Rays batting - Pitching for Kansas City Royals : RHP Jake Junis
Pitching: RHP Tanner Roark
Batting: RHB Zack Cozart 0-0: Called Strike
0-1: Ball
1-1: Foul Ball, location: 2F
1-2: Ball
2-2: Ball
3-2: Base on Balls
Batting: SHB Victor Caratini 0-0: Ball
1-0: Fly out, F8 (Flyball, 8RM, EV 90.6 MPH)
Batting: SHB Ben Zobrist 0-0: Ball
1-0: Fly out, F9 (Line Drive, 9, EV 105.6 MPH)
Batting: LHB Adam Eaton 0-0: Called Strike
0-1: Ball
1-1: Ball
2-1: Fielders Choice at 2nd, 5-4 (Groundball, 5L, EV 87.5 MPH)
Bottom of the 6th over - 0 runs, 0 hits, 0 errors, 1 left on base; Kansas City 3 - Tampa Bay 2
TOP OF THE 7TH
Kansas City Royals batting - Pitching for Tampa Bay Rays : RHP Josh Tomlin
Pitching: RHP Jon Edwards
Batting: RHB Tyler Flowers 0-0: Called Strike
0-1: Ball
1-1: Foul Ball, location: 2F
1-2: Strikes out looking
Batting: LHB Odubel Herrera 0-0: Called Strike
0-1: SINGLE (Line Drive, 78S, EV 111.9 MPH)
Batting: LHB Jesse Winker 0-0: Swinging Strike
0-1: Ball
1-1: Ball
Odubel Herrera is caught stealing 2nd base 2-6
2-1: Foul Ball, location: 2F
2-2: Foul Ball, location: 2F
2-2: Ground out 4-3 (Groundball, 4, EV 105.6 MPH)
Top of the 7th over - 0 runs, 1 hit, 0 errors, 0 left on base; Kansas City 3 - Tampa Bay 2
BOTTOM OF THE 7TH
Tampa Bay Rays batting - Pitching for Kansas City Royals : RHP Tanner Roark
Pitching: RHP Silvino Bracho
Batting: RHB Xander Bogaerts 0-0: Fly out, F8 (Flyball, 8RM, EV 92.5 MPH)
Batting: LHB Michael Conforto 0-0: Foul Ball, location: 2F
0-1: Ball
1-1: Ball
2-1: Foul Ball, location: 2F
2-2: Ball
3-2: DOUBLE (Flyball, 89XD, EV 100.6 MPH)
Batting: RHB Nelson Cruz 0-0: Ball
1-0: Foul Ball, location: 2F
1-1: SINGLE (Groundball, 34D, EV 104.4 MPH)
Michael Conforto to third
Runner from 3rd tries for Home, SAFE, throw by RF to home
Batting: RHB Marcell Ozuna 0-0: Foul Ball, location: 2F
0-1: SINGLE (Groundball, 56D, EV 101.9 MPH)
Nelson Cruz to second
Pitching: RHP Greg Holland
Batting: LHB Dan Vogelbach 0-0: Called Strike
0-1: Called Strike
0-2: Ball
1-2: Ball
2-2: Reached on error, E5 (Groundball, 56S, EV 85.0 MPH)
Nelson Cruz to third
Marcell Ozuna to second
Batting: RHB Zack Cozart 0-0: Called Strike
0-1: Fly out, F8 (Line Drive, 8RD, EV 88.8 MPH)
Runner from 3rd tags up, SCORES, throw by CF
Marcell Ozuna to third
Batting: SHB Victor Caratini 0-0: Called Strike
0-1: Called Strike
0-2: Foul Ball, location: 2F
0-2: Ball
1-2: Foul Ball, location: 2F
1-2: Ball
2-2: Strikes out swinging
Bottom of the 7th over - 2 runs, 3 hits, 1 error, 2 left on base; Kansas City 3 - Tampa Bay 4
TOP OF THE 8TH
Kansas City Royals batting - Pitching for Tampa Bay Rays : RHP Jon Edwards
Pitching: RHP Ryne Harper
Batting: RHB Nolan Arenado 0-0: Ball
1-0: Foul Ball, location: 2F
1-1: Ball
2-1: Swinging Strike
2-2: Ground out 5-3 (Groundball, 56S, EV 77.5 MPH)
Batting: LHB Matt Adams 0-0: DOUBLE (Line Drive, 9LM, EV 93.1 MPH)
Batting: SHB Jurickson Profar 0-0: Ball
1-0: Called Strike
1-1: Swinging Strike
1-2: Strikes out swinging
Pitching: LHP Grant Dayton
Batting: LHB Lonnie Chisenhall 0-0: Ball
1-0: Ball
2-0: Swinging Strike
2-1: Swinging Strike
2-2: Ball
3-2: Strikes out swinging
Top of the 8th over - 0 runs, 1 hit, 0 errors, 1 left on base; Kansas City 3 - Tampa Bay 4
BOTTOM OF THE 8TH
Tampa Bay Rays batting - Pitching for Kansas City Royals : RHP Greg Holland
Pitching: RHP Carl Edwards Jr.
Batting: SHB Ben Zobrist 0-0: SINGLE (Line Drive, 4M, EV 95.0 MPH)
Batting: LHB Adam Eaton 0-0: Called Strike
0-1: Swinging Strike
0-2: Ball
1-2: Ball
2-2: Fly out, F8 (Flyball, 78D, EV 93.8 MPH)
Batting: RHB Xander Bogaerts 0-0: Foul Ball, location: 2F
0-1: Ball
1-1: Fly out, F6 (Popup, 6D, EV 54.4 MPH)
Batting: LHB Michael Conforto 0-0: Ball
1-0: Called Strike
1-1: Ball
2-1: Ball
3-1: Base on Balls
Ben Zobrist to second
Batting: RHB Nelson Cruz 0-0: Called Strike
0-1: Ball
1-1: Called Strike
1-2: Ball
2-2: Strikes out looking
Bottom of the 8th over - 0 runs, 1 hit, 0 errors, 2 left on base; Kansas City 3 - Tampa Bay 4
TOP OF THE 9TH
Kansas City Royals batting - Pitching for Tampa Bay Rays : LHP Grant Dayton
Pitching: RHP Keone Kela
Now at 1B: Enrique Hernandez
Now in LF: Curtis Granderson
Batting: RHB Kevin Plawecki 0-0: Called Strike
0-1: Ball
1-1: Ball
2-1: Called Strike
2-2: Strikes out swinging
Batting: RHB Dansby Swanson 0-0: Called Strike
0-1: Ball
1-1: Foul Ball, location: 2F
1-2: Ball
2-2: SINGLE (Groundball, 6MD, EV 99.4 MPH)
Batting: RHB Tyler Flowers 0-0: Called Strike
0-1: Called Strike
0-2: Ball
1-2: Ball
2-2: Foul Ball, location: 2F
2-2: Strikes out looking
Batting: LHB Odubel Herrera 0-0: Called Strike
0-1: Ball
1-1: Ball
2-1: Fly out, F8 (Flyball, 8LS, EV 95.6 MPH)
Top of the 9th over - 0 runs, 1 hit, 0 errors, 1 left on base; Kansas City 3 - Tampa Bay 4
Saturday, July 27th, 2019 - OOTP Baseball 20.5 Build 52